 Dungeon Crawl Stone Soup version 0.24-a0-769-g368c1644f8 (webtiles) character file.

Game seed: 10529140850885335754, levelgen mode: deterministic

15 Gargoyl the Skirmisher (level 2, -3/26 HPs)
             Began as a Centaur Abyssal Knight on Oct 6, 2019.
             Was a Follower of Lugonu.
             Killed from afar by a quokka (28 damage)
             ... with an exploding inner flame
             ... hexed by the player character
             ... on level 2 of the Dungeon.
             The game lasted 00:01:31 (978 turns).

Gargoyl the Skirmisher (Centaur Abyssal Knight)      Turns: 978, Time: 00:01:32

Health: -3/26      AC:  8    Str: 12    XL:     2   Next: 34%
Magic:  3/3        EV:  3    Int: 11    God:    Lugonu [*.....]
Gold:   63         SH:  0    Dex:  6    Spells: 1/1 levels left

rFire    . . .     SeeInvis .   a - +1 hand axe
rCold    . . .     Gourm    .   (no shield)
rNeg     . . .     Faith    .   d - +1 chain mail
rPois    .         Spirit   .   (no helmet)
rElec    .         Reflect  .   (no cloak)
rCorr    .         Harm     .   (no gloves)
MR       .....                  (no barding)
Stlth    ..........             (no amulet)
HPRegen  0.08/turn              (no ring)
MPRegen  0.08/turn              (no ring)

@: very quick
A: large, hooves 3, clumsy 1, deformed body, speed 2, tough skin 3, weak 1,
evolution 1
a: Depart the Abyss, Renounce Religion


You were on level 2 of the Dungeon.
You worshipped Lugonu.
Lugonu was aware of your devotion.
You were not hungry.

You visited 1 branch of the dungeon, and saw 2 of its levels.
You visited the Abyss 1 time.

You collected 63 gold pieces.

Inventory:

Hand Weapons
 a - a +1 hand axe (weapon)
Armour
 d - a +1 chain mail (worn)
Scrolls
 e - 2 scrolls of identify
 h - a scroll of immolation
Comestibles
 c - 3 rations


   Skills:
 + Level 3.5 Fighting
 + Level 1.9 Axes
 + Level 1.4 Armour
 + Level 0.7 Dodging
 + Level 2.1 Invocations


You had one spell level left.
You didn't know any spells.
Your spell library was empty.

Dungeon Overview and Level Annotations

Branches:
Dungeon (2/15)

Altars:


Innate Abilities, Weirdness & Mutations

You have hooves in place of feet.
Armour fits poorly on your strangely shaped body.
You cover ground very quickly.
You have extremely tough skin. (AC +3)
You are clumsy. (Dex -2)
You are weak. (Str -2)
You evolve.


Message History

It is a scroll of enchant armour.
Your +0 chain mail glows green for a moment.
Your surroundings suddenly seem different.
A quokka comes into view.
Found 12 stones, an emerald potion and a scroll of identify.
Found a stone staircase leading up.
As you read the scroll labeled PUSOUM RAVVESI, it crumbles to dust.
The creatures around you are filled with an inner flame!
It was a scroll of immolation.
The quokka twitches its whiskers.
It was a potion of mutation.
You feel extremely strange.
You feel weaker.
You feel clumsy.
You feel nature experimenting on you.
Don't worry, failures die fast.
Your chain mail prevents you from hitting the quokka.
The quokka bites you.
You closely miss the quokka. You kick the quokka.
The quokka explodes!
The fiery explosion engulfs you!!
Ouch! That really hurt!
You die...

..... ....<#
?...###.....#
#.....!.....#
#...........#
#..........#
#..........#
#...§§.....#
#...§......#
#..§§@.....#
..........(...#
###############


There were no monsters in sight!

Vanquished Creatures
  A dart slug (D:1)
  A leopard gecko (D:1)
  2 goblins (D:1)
  2 hobgoblins (D:1)
  3 bats (D:1)
  3 rats (D:1)
12 creatures vanquished.

Vanquished Creatures (others)
  5 starspawn tentacles (Abyss:3)
5 creatures vanquished.

Grand Total: 17 creatures vanquished

Notes
Turn   | Place    | Note
-------+----------+-------------------------------------------
     0 | Abyss:1  | Gargoyl the Centaur Abyssal Knight began the quest for the
                  | Orb.
     0 | Abyss:1  | Reached XP level 1. HP: 19/19 MP: 2/2
    28 | Abyss:1  | Noticed a large abomination
    54 | Abyss:1  | Noticed a hellwing
    56 | Abyss:1  | Noticed an ancient zyme
    62 | Abyss:1  | Noticed a flying skull
    64 | Abyss:1  | Noticed a neqoxec
   193 | Abyss:3  | Noticed a profane servitor
   199 | Abyss:3  | Noticed a tentacled starspawn
   214 | Abyss:3  | Noticed a tentacled starspawn
   214 | Abyss:3  | Noticed a chaos spawn
   224 | D:1      | Escaped the Abyss
   298 | D:1      | Reached * piety under Lugonu
   584 | D:1      | Reached XP level 2. HP: 25/26 MP: 3/3
   976 | D:2      | Gained mutation: You are weak. (Str -2) [potion of
                  | mutation]
   976 | D:2      | Gained mutation: You are clumsy. (Dex -2) [potion of
                  | mutation]
   976 | D:2      | Gained mutation: You evolve. [potion of mutation]
   978 | D:2      | Killed from afar by a quokka

Levels and vault maps discovered:
D:1:      lightli_iron_boxes, layout_basic
D:2:      minmay_recursive_quarters, layout_basic, first_ration, uniq_jessica

Action                   || total
-------------------------++-------
Melee: Hand axe          ||    26
       Kick              ||     1
Invok: Depart the Abyss  ||     1
  Use: Scroll            ||     4
       Potion            ||     1
Armor: Chain mail        ||    19
Dodge: Dodged            ||     3

Table legend:
 A = Non-vault XP
 B = Vault XP
 C = Vault XP percentage of total XP
 D = Non-vault monster count
 E = Vault monster count
 F = Vault count percentage of total count
                 A         B        C        D         E       F
            +---------+---------+-------+---------+---------+-------
      Total |      22 |       0 |   0.0 |      12 |       0 |   0.0
            +---------+---------+-------+---------+---------+-------
        D:1 |      22 |       0 |   0.0 |      12 |       0 |   0.0
            +---------+---------+-------+---------+---------+-------
